[Event "Late-Titled-Tuesday-Blitz-May-07-2024"]
[Site "Chess.com"]
[Date "2024.05.07"]
[Round "2"]
[White "NCchamp"]
[Black "ubdip"]
[Result "0-1"]
[WhiteElo "2247"]
[BlackElo "2522"]
[TimeControl "180+1"]
[EndTime "14:18:23 PDT"]
[Termination "ubdip won by resignation"]

1. d4 Nf6 2. Bg5 c5 3. Bxf6 exf6 4. d5 d6 5. c4 f5 6. Nc3 g6 7. e3 Bg7 8. Qc2 O-O 9. Bd3 Re8 10. Nge2 Nd7 11. h4 h5 12. Nf4 a6 13.
Nce2 Ne5 14. Nc3 Bd7 15. a4 Rb8 16. a5 b5 17. axb6 Rxb6 18. Ra2 Qe7 19. Kd2 Reb8 20. Rha1 Bc8 21. g3 Ng4 22. Ke2 Qf6 23. Kf3 Ne5+ 24.
Kg2 Qe7 25. Qd2 Kh7 26. Qc2 Bf6 27. Rh1 Kg8 28. Rh2 Qb7 29. Na4 Rb4 30. Be2 Bd7 31.
Nc3 Rxb2 32. Rxb2 Qxb2 33. Qxb2 Rxb2 34. Bf3 Nxc4 35. Nfe2 a5 36. Rh1 a4 37. Rb1 Rxb1 38.
Nxb1 a3 39. Nxa3 Nxa3 40. Nf4 Bb5 41. Be2 Bxe2 42. Nxe2 c4 43. Kf1 c3 44. Ke1 Nb1 45. Nf4 c2 46. Nd3 Bb2 47. Ke2 c1=Q 48. Nxc1 Bxc1 49. Kd3 Ba3 50. Kc2 Bb4 51. Kxb1 Be1 52. Kc2 Bxf2 53. Kd3 Bxg3 54. Ke2 Bxh4 55. Kf3 Bf6 56. Kf4 Kg7 0-1

[Event "Late-Titled-Tuesday-Blitz-May-07-2024"]
[Site "Chess.com"]
[Date "2024.05.07"]
[Round "2"]
[White "Agent-JL"]
[Black "ViIIagra"]
[Result "0-1"]
[WhiteElo "2576"]
[BlackElo "2844"]
[TimeControl "180+1"]
[EndTime "14:18:25 PDT"]
[Termination "ViIIagra won by resignation"]

1. d4 d6 2. Nf3 Nf6 3. g3 Bf5 4. Bg2 h6 5. O-O c6 6. Nc3 d5 7. Nd2 e6 8. e4 Bg6 9. e5 Nfd7 10. Ne2 c5 11. c3 Nc6 12. Nb3 c4 13. Nd2 Bd3 14. f4 b5 15. Rf2 Qb6 16. g4 Be7 17. Ng3 Bh4 18. Bf1 Bh7 19. Nf3 Bxg3 20. hxg3 f5 21.
g5 hxg5 22. Nxg5 Bg8 23. Be3 Nd8 24. Be2 Nf7 25. Bh5 Ke7 26. Qe2 Rh6 27. Re1 Qa6 28. a3 g6 29. Bf3 Rh8 30. Rh2 Rxh2 31. Qxh2 Nxg5 32. fxg5 Bf7 33. g4 Rg8 34. Qh7 Qc8 35. gxf5 gxf5 36. Bh5 Qf8 37. g6 Kd8 38. Kf2 Be8 39.
Bg5+ Kc7 40. Bh6 Bxg6 41. Bxg6 Qd8 42. Rh1 f4 43. Bxf4 Rf8 44. Ke3 Kc6 45. Bf7 Qe7 46.
Bg8 Qe8 47. Qg7 Rxg8 48. Qh6 Qg6 49. Qh3 Qe4+ 50. Kd2 Qxf4+ 51. Kc2 Qf5+ 52. Qxf5 exf5 53. Rf1 Rf8 54. Kd2 Nb6 55. Ke3 Kd7 56. Kf4 Rh8 57. Rh1 Rxh1 0-1

[Event "Late-Titled-Tuesday-Blitz-May-07-2024"]
[Site "Chess.com"]
[Date "2024.05.07"]
[Round "2"]
[White "FelixBlohberger"]
[Black "KebabJangles"]
[Result "1-0"]
[WhiteElo "2739"]
[BlackElo "2374"]
[TimeControl "180+1"]
[EndTime "14:18:25 PDT"]
[Termination "FelixBlohberger won by checkmate"]

1. Nf3 c5 2. b3 Nf6 3. Bb2 Nc6 4.
c4 g6 5. g3 Bg7 6. Bg2 O-O 7.
O-O d5 8. cxd5 Nxd5 9. Bxg7 Kxg7 10. Qc1 Qd6 11. Na3 b6 12. Qb2+ Qf6 13. Qxf6+ Kxf6 14. Nc4 Bb7 15. Rac1 Rad8 16. Rfd1 e5 17. d3 Rd7 18. Nfd2 Ke6 19. Kf1 h6 20. a3 Rfd8 21.
h4 f5 22. Bh3 Nf6 23. Ke1 g5 24. hxg5 hxg5 25. Ne4 g4 26. Nxf6 Kxf6 27. Bg2 Rh8 28.
Ne3 Ke6 29. b4 Nd4 30. Bxb7 Rxb7 31. bxc5 bxc5 32. Rb1 Rh1+ 33. Nf1 Rxb1 34. Rxb1 Nc2+ 35. Kd2 Nxa3 36. Ra1 Nb5 37. Ra6+ Kd7 38. Ne3 f4 39. Nxg4 fxg3 40. Nxe5+ Kc7 41. fxg3 Rg1 42. Rc6+ Kb7 43. Rxc5 Kb6 44. Rc6+ Ka5 45. g4 Kb4 46. Rc4+ Kb3 47. Ke3 a5 48. Kf2 Rh1 49. Rc5 Kb4 50. Rc4+ Kb3 51.
Nc6 Ra1 52. g5 Nd6 53. Rd4 Nb5 54. Rd5 Nc3 55. Rd8 a4 56. g6 a3 57. g7 a2 58.
g8=Q+ Kc2 59. Nd4+ Kd2 60. Nb3+ Kd1 61. Nxa1 Kc1 62.
Qb3 Kd2 63. Qc2# 1-0

[Event "Late-Titled-Tuesday-Blitz-May-07-2024"]
[Site "Chess.com"]
[Date "2024.05.07"]
[Round "2"]
[White "Eloist"]
[Black "Denmark2015"]
[Result "1-0"]
[WhiteElo "2401"]
[BlackElo "2588"]
[TimeControl "180+1"]
[EndTime "14:18:25 PDT"]
[Termination "Eloist won by resignation"]

1. e4 e6 2. d4 d5 3. Nd2 Be7 4. e5 c5 5. c3 cxd4 6. cxd4 Qb6 7. Ndf3 Nc6 8. Bd3 Bb4+ 9. Bd2 Nxd4 10. Nxd4 Qxd4 11. Bb5+ Kf8 12. Nf3 Bxd2+ 13. Qxd2 Qxd2+ 14. Kxd2 a6 15. Ba4 b5 16. Bb3 Bd7 17. Rac1 Ke8 18. Rc7 Kd8 19. Rhc1 a5 20. Ng5 Nh6 21. Rb7 a4 22. Bd1 Rc8 23. Rxc8+ Kxc8 24. Ra7 Rd8 25. Nxh7 Kb8 26. Ra6 Kb7 27. Ra5 Kb6 28. b4 Nf5 29.
Ng5 Be8 30. Bc2 Nd4 31. Bd3 Rc8 32. f4 f5 33. h3 Bd7 34. g4 Rf8 35. Ke3 fxg4 36.
hxg4 Rh8 37. Kxd4 Rh2 38. f5 exf5 39. gxf5 Rb2 40. e6 Rxb4+ 41. Kc3 Kxa5 42. exd7 d4+ 43. Kc2 a3 44. d8=Q+ Ka6 45. Qc8+ Kb6 46. Qb8+ Kc6 47.
Qe8+ Kb6 48. Qe6+ Ka7 49. Qd7+ Ka6 50. Qd6+ Ka5 51. Qc7+ Ka6 52. Ne6 Rb2+ 53. Kc1 Rc2+ 54. Bxc2 1-0

[Event "Late-Titled-Tuesday-Blitz-May-07-2024"]
[Site "Chess.com"]
[Date "2024.05.07"]
[Round "2"]
[White "Kiborg95"]
[Black "m_ezat"]
[Result "1/2-1/2"]
[WhiteElo "2826"]
[BlackElo "2572"]
[TimeControl "180+1"]
[EndTime "14:18:26 PDT"]
[Termination "Game drawn by stalemate"]

1. e4 c6 2. d4 d5 3. e5 Bf5 4. h4 h5 5. c4 e6 6. Nc3 Nd7 7. cxd5 cxd5 8. Bd3 Ne7 9. Bg5 Qb6 10.
Bxe7 Bxd3 11. Bxf8 Qxb2 12. Bb4 a5 13. Rh3 axb4 14. Nxd5 exd5 15. Rxd3 Rxa2 16. Rxa2 Qxa2 17. Rb3 O-O 18. Rxb4 Rc8 19. Ne2 Qa5 20. Qa4 Qc7 21.
Qb5 Nf8 22. Qxd5 Ne6 23. Rxb7 Qc2 24. f3 Qxe2+ 25. Kxe2 Nf4+ 26. Ke3 Nxd5+ 27. Ke4 Nc3+ 28. Kd3 Nd5 29. Ke4 Nc3+ 30. Kd3 Nd5 31. g3 Rd8 32. Ke4 Kf8 33. g4 hxg4 34. fxg4 Ne7 35. h5 Nd5 36. g5 Kg8 37. g6 fxg6 38. hxg6 Nc3+ 39. Kd3 Nd5 40.
Ke4 Nc3+ 41. Kf5 Nd5 42. Ra7 Kf8 43. Ke4 Nc3+ 44. Kd3 Nb5 45. Rf7+ Kg8 46. Rf4 Nc7 47. Kc4 Ne6 48. Rg4 Nc7 49. Kc5 Ne6+ 50. Kc4 Nc7 51. Rg2 Ne6 52. d5 Rxd5 53. Kxd5 Nf4+ 54. Kd6 Nxg2 55. e6 Ne3 56. e7 Nf5+ 57. Kd7 Nxe7 58. Kxe7 Kh8 59. Kf7 1/2-1/2

[Event "Late-Titled-Tuesday-Blitz-May-07-2024"]
[Site "Chess.com"]
[Date "2024.05.07"]
[Round "2"]
[White "Sandstad"]
[Black "1800_strength"]
[Result "0-1"]
[WhiteElo "2434"]
[BlackElo "2794"]
[TimeControl "180+1"]
[EndTime "14:18:26 PDT"]
[Termination "1800_strength won on time"]

1. e4 a5 2. d4 Ra6 3. Bxa6 Nxa6 4. c3 b6 5. Nf3 Bb7 6. Qe2 g6 7. Bg5 Bg7 8. Nbd2 h6 9. Bh4 Qa8 10. O-O e6 11. Rfe1 Ne7 12. Rad1 Qd8 13. h3 O-O 14. e5 g5 15. Bg3 Nf5 16. Bh2 Qa8 17. Ne4 Nb8 18. Nfd2 Kh8 19. f4 gxf4 20. Bxf4 Nc6 21. Qh5 Nce7 22. g4 Ng6 23. Bh2 Nfe7 24. Re2 Ba6 25. Rf2 Bd3 26. Re1 c5 27. g5 Ng8 28.
Nd6 cxd4 29. Rxf7 dxc3 30. bxc3 Rxf7 31. Nxf7+ Kh7 32. Nf3 Qf8 33. gxh6 Nxh6 34. N3g5+ Kg8 35. Nxh6+ Bxh6 36. Re3 Bf5 37. Rg3 Qc5+ 38. Kg2 Bxg5 39.
Qxg5 Qd5+ 40. Kf1 Qd1+ 41. Kf2 Qc2+ 42. Kf1 Kf7 43. Qe3 Qb1+ 44. Kf2 Qxa2+ 45. Qe2 Qd5 46. Rf3 a4 47. h4 Nxh4 48. Rh3 Ng6 49. Rh7+ Kg8 50.
Qh5 Qd2+ 51. Kg3 Qe3+ 52. Kg2 Be4+ 53. Kf1 Bd3+ 54. Kg2 Qd2+ 0-1

[Event "Late-Titled-Tuesday-Blitz-May-07-2024"]
[Site "Chess.com"]
[Date "2024.05.07"]
[Round "2"]
[White "Noki102"]
[Black "Kostukov_Alex"]
[Result "1-0"]
[WhiteElo "2564"]
[BlackElo "2373"]
[TimeControl "180+1"]
[EndTime "14:18:26 PDT"]
[Termination "Noki102 won on time"]

1. d4 g6 2. Nc3 Bg7 3. e4 d6 4. Bf4 e5 5. dxe5 dxe5 6. Qxd8+ Kxd8 7. O-O-O+ Nd7 8. Bg3 f6 9. f4 exf4 10. Bxf4 Bh6 11.
Nge2 c6 12. h4 Bxf4+ 13. Nxf4 Ke7 14. Bc4 Ne5 15. Bb3 Nh6 16. Nce2 Bg4 17. Rd2 Rad8 18. Rhd1 Rxd2 19. Rxd2 a5 20. a4 Nhf7 21. Nd4 Nd6 22. Nfe6 Nxe4 23. Rd3 Nxd3+ 24. cxd3 Nf2 25. Kd2 c5 26. Nxc5 Rd8 27. Kc3 b6 28. Nc6+ Kd6 29. Nxd8 Kxc5 30. Bg8 h6 31. Bf7 g5 32. hxg5 fxg5 33.
Bc4 Bh5 34. Bb5 Kd6 35. Nc6 Bg6 36. Nd4 h5 37. Bc6 g4 38. Bb7 h4 39. Nb5+ Ke5 40.
d4+ Kf4 41. d5 Kg3 42. d6 Bf5 43. Nd4 Bd7 44. Ne2+ Kh2 45. Nf4 Ne4+ 46. Bxe4 Bf5 47. Bxf5 Kg3 48. d7 h3 49. Nxh3 gxh3 50. Bxh3 Kf4 51. d8=Q Ke5 52. Qxb6 1-0

[Event "Late-Titled-Tuesday-Blitz-May-07-2024"]
[Site "Chess.com"]
[Date "2024.05.07"]
[Round "2"]
[White "Itay121"]
[Black "honestgames"]
[Result "0-1"]
[WhiteElo "2542"]
[BlackElo "2827"]
[TimeControl "180+1"]
[EndTime "14:18:27 PDT"]
[Termination "honestgames won by checkmate"]

1. d4 Nf6 2. Nc3 d5 3. Bf4 c5 4. e4 Nxe4 5. Nxe4 dxe4 6. dxc5 Qxd1+ 7. Rxd1 Nc6 8. f3 e5 9. Be3 exf3 10. Nxf3 Be6 11.
Bb5 f6 12. O-O Be7 13. a3 O-O 14. Rd2 Rfd8 15. Rfd1 Rxd2 16. Rxd2 Kf7 17. Kf2 Rc8 18. b4 a6 19. Be2 g5 20. h3 h5 21. Ne1 g4 22.
hxg4 hxg4 23. g3 Rh8 24. Kg1 f5 25. Ng2 Rh3 26. Bf2 Bg5 27. Rd6 Nd4 28. Bxd4 exd4 29.
Kf2 Rh1 30. Rxd4 Ra1 31. Rd6 Rxa3 32. Rb6 Bd5 33. c4 Be4 34. b5 Bf6 35. Rd6 Be5 36. Rd7+ Ke6 37. Rd1 Bxg3+ 38. Kf1 Be5 39. c6 bxc6 40. b6 c5 41. Nh4 Rb3 42. Ng6 Bd6 43. Ra1 Rxb6 44. Ra5 g3 45. Nh4 Rb1+ 46. Bd1 Rxd1+ 47.
Ke2 Rh1 48. Nf3 Rh2+ 49. Ke3 g2 50. Ng5+ Kd7 51. Nxe4 g1=Q+ 52. Nf2 Qxf2+ 53. Kd3 Qd4# 0-1

[Event "Late-Titled-Tuesday-Blitz-May-07-2024"]
[Site "Chess.com"]
[Date "2024.05.07"]
[Round "2"]
[White "yaguigor"]
[Black "Airquake"]
[Result "1-0"]
[WhiteElo "2595"]
[BlackElo "2838"]
[TimeControl "180+1"]
[EndTime "14:18:28 PDT"]
[Termination "yaguigor won by resignation"]

1. e4 c5 2. Nf3 d6 3. d4 cxd4 4. Nxd4 Nf6 5. Nc3 a6 6. f3 g6 7. Be3 Bg7 8. Qd2 h5 9. Bc4 Qc7 10. Bb3 b5 11. a4 bxa4 12. Bxa4+ Bd7 13. O-O O-O 14. Nd5 Nxd5 15. exd5 Bxa4 16. Rxa4 Nd7 17. Nc6 e6 18. c4 exd5 19. cxd5 Rfe8 20. Rc4 Nb6 21.
Rc2 Kh7 22. Bd4 Nd7 23. Bxg7 Kxg7 24. Qd4+ Kh7 25. Kh1 Qb6 26. Qf4 Kg7 27. Qxd6 Nf6 28. Qc5 Qb3 29. d6 Re6 30. Rd2 Rc8 31. Nd4 Rxc5 32. Nxb3 Rc6 33. Rfd1 Rb6 34. Nc5 Re8 35. g3 Rd8 36. Kg2 Rc6 37. Ne4 Ne8 38. d7 Nc7 39. Rd6 Rc2+ 40. R1d2 Rxd2+ 41. Rxd2 Kf8 42. Nc5 Ke7 43. f4 Rb8 44. Kf3 Ne6 45. Nxe6 fxe6 46. d8=Q+ Rxd8 47. Rxd8 Kxd8 48. Ke4 Kd7 49. Ke5 Ke7 50. b4 Kd7 51. Kf6 Kc6 52. Kxe6 Kb5 53. Kf6 Kxb4 54. Kxg6 a5 55. f5 a4 56. f6 a3 57. f7 a2 58. f8=Q+ Kc4 59. Qf7+ 1-0

[Event "Late-Titled-Tuesday-Blitz-May-07-2024"]
[Site "Chess.com"]
[Date "2024.05.07"]
[Round "2"]
[White "Lennis93"]
[Black "remyrushbrooke"]
[Result "1-0"]
[WhiteElo "2722"]
[BlackElo "2299"]
[TimeControl "180+1"]
[EndTime "14:18:29 PDT"]
[Termination "Lennis93 won on time"]

1. c4 f5 2. Nc3 Nf6 3. d4 e6 4. Nf3 Be7 5. Bg5 O-O 6. Bxf6 Bxf6 7. e3 d6 8. Qc2 a5 9. h3 Nc6 10. g4 f4 11. Bd3 fxe3 12. Bxh7+ Kh8 13. fxe3 Bxd4 14.
Nxd4 Qh4+ 15. Kd1 Qxh7 16. Qxh7+ Kxh7 17. Ke2 e5 18. Ndb5 Be6 19. b3 Rac8 20. Raf1 Rfe8 21. Ne4 Nb4 22. a3 Na6 23. a4 Kg6 24. Rfg1 d5 25.
Nd2 dxc4 26. Nxc4 Bd5 27. Rh2 Nc5 28. Nc3 Bg8 29. Nxa5 Nxb3 30. Nxb3 Bxb3 31. h4 Ra8 32. h5+ Kh7 33. g5 Bxa4 34. g6+ Kg8 35. h6 gxh6 36. Rxh6 Bb3 37. Ne4 Bc4+ 38. Kf2 Rf8+ 39. Kg3 Bd5 40. Ng5 Kg7 41. Rh4 Kxg6 42. Rg4 Kf5 43. e4+ Bxe4 44. Nxe4 Ra3+ 45. Kf2 Ke6+ 46. Ke2 Ra2+ 47. Ke3 Ra3+ 48.
Kd2 Rd8+ 49. Kc2 Ra2+ 50. Kb3 Rda8 51. Nc5+ Kd5 52. Na4 Re2 53. Nc3+ Ke6 54. Nxe2 1-0

[Event "Late-Titled-Tuesday-Blitz-May-07-2024"]
[Site "Chess.com"]
[Date "2024.05.07"]
[Round "2"]
[White "Vincefm"]
[Black "HipsterChess22"]
[Result "0-1"]
[WhiteElo "2494"]
[BlackElo "2229"]
[TimeControl "180+1"]
[EndTime "14:18:29 PDT"]
[Termination "HipsterChess22 won by checkmate"]

1. e4 c6 2. d4 d5 3. Nc3 dxe4 4. Nxe4 Nf6 5. Nxf6+ exf6 6. c3 Bd6 7. Bd3 O-O 8.
Qc2 Re8+ 9. Ne2 h5 10. O-O h4 11.
h3 Nd7 12. Bd2 Nf8 13. Rae1 Be6 14. f4 b5 15. b3 Rc8 16. c4 Bb8 17. Bc3 Qd6 18.
Kh1 g6 19. Ng1 f5 20. Qf2 g5 21. Qc2 Ng6 22. d5 Bd7 23. Rxe8+ Rxe8 24. Bxf5 Nxf4 25. Nf3 Re2 26. Qb1 Rxg2 27. Be5 Qf8 28. Bxb8 Qxb8 29. Bxd7 Rg3 30. Qf5 Nxh3 31. Qxh3 Rxh3+ 32. Bxh3 Qg3 33. Ng1 cxd5 34. cxd5 Qd3 35. Rf3 Qxd5 36. Bg2 f5 37.
Rc3 Qe5 38. Nf3 Qxc3 39. Nxg5 Qa1+ 40. Kh2 Qxa2 41. Kh3 Qxb3+ 42. Kxh4 a5 43. Kh5 a4 44. Kg6 a3 45. Bc6 a2 46. Be8 a1=Q 47. Bf7+ Qxf7+ 48. Nxf7 Qg7+ 49. Kxf5 Qxf7+ 50. Ke4 b4 51. Kd4 b3 52. Kc3 Qe6 53. Kb2 Kf7 54. Kc3 Ke7 55. Kb2 Kd6 56. Kc3 Kc5 57. Kb2 Qc4 58. Ka3 b2 59. Kxb2 Kb4 60. Kb1 Kb3 61. Ka1 Qc1# 0-1

[Event "Late-Titled-Tuesday-Blitz-May-07-2024"]
[Site "Chess.com"]
[Date "2024.05.07"]
[Round "2"]
[White "Onthequiet"]
[Black "Romkachess"]
[Result "0-1"]
[WhiteElo "2387"]
[BlackElo "2611"]
[TimeControl "180+1"]
[EndTime "14:18:31 PDT"]
[Termination "Romkachess won by resignation"]

1. Nf3 Nf6 2. b3 b6 3. g3 Bb7 4. Bg2 e6 5. Bb2 Be7 6. O-O O-O 7. c4 c5 8. Nc3 Nc6 9. e3 d5 10. d4 cxd4 11. Nxd4 Nxd4 12. exd4 Rc8 13. Ne2 Qd7 14.
Rc1 dxc4 15. Bxb7 Qxb7 16. bxc4 Rfd8 17. Qa4 Qf3 18. Nf4 Ne4 19. Qd1 Qxd1 20. Rfxd1 Bg5 21. Rc2 Bxf4 22. gxf4 Nd6 23. c5 Nf5 24. Rcd2 Ne7 25. a4 Nd5 26. f5 exf5 27. Re2 h5 28. Re5 g6 29. a5 bxc5 30. dxc5 Nf4 31. Rxd8+ Rxd8 32. h4 Ne6 33. a6 Rc8 34. Ba3 Rc6 35.
Rd5 Rxa6 36. Bb4 Rc6 37. Kf1 a5 38. Ba3 Kf8 39. Ke1 Ke7 40. Kd2 Rc8 41. Kc3 a4 42.
Kc4 Nf4 43. Re5+ Ne6 44. Kd5 Rd8+ 45. Kc6 Rc8+ 46. Kb7 Rc7+ 47. Kb6 Rc8 48. c6+ Kf6 49. Bb2 Ke7 50. Kb7 Rc7+ 51. Kb6 a3 52. Ba1 Kd6 53.
Rxe6+ fxe6 54. Bb2 Rxc6+ 0-1

[Event "Late-Titled-Tuesday-Blitz-May-07-2024"]
[Site "Chess.com"]
[Date "2024.05.07"]
[Round "2"]
[White "JG-17"]
[Black "GMKrikor"]
[Result "0-1"]
[WhiteElo "2574"]
[BlackElo "2837"]
[TimeControl "180+1"]
[EndTime "14:18:32 PDT"]
[Termination "GMKrikor won by resignation"]

1. e4 c5 2. Nf3 Nc6 3. d4 cxd4 4. Nxd4 Nf6 5. Nc3 e5 6. Ndb5 d6 7. Bg5 a6 8. Na3 b5 9. Bxf6 gxf6 10. Nd5 Bg7 11. Bd3 Ne7 12. Nxe7 Qxe7 13. O-O O-O 14. Qf3 f5 15. exf5 Bb7 16. f6 Bxf6 17. Qf5 e4 18.
Rae1 d5 19. c3 Bg7 20. Nc2 Qe6 21. Qh5 Qg6 22. Be2 Qxh5 23. Bxh5 f5 24. g3 Rfd8 25.
Rd1 Rac8 26. Ne3 b4 27. Nxf5 bxc3 28. Ne7+ Kf8 29. Nxc8 Rxc8 30. bxc3 Rxc3 31. Rb1 Bc6 32. Rb8+ Ke7 33. Rfb1 d4 34. Rg8 Be5 35. Rc8 Kd6 36. Rd1 d3 37. f4 Bd4+ 38. Kg2 Ba4 39. Rd8+ Kc5 40. Rc8+ Kb4 41. Rb1+ Ka3 42. Rxc3+ Bxc3 43. Bf7 e3 44. Bb3 Bc6+ 45. Kf1 e2+ 46. Kf2 Bb5 47. Bd1 exd1=Q 48. Rxd1 d2 49. f5 Ba4 50. Ke2 Bxd1+ 51.
Kxd1 Kxa2 52. g4 Kb3 53. g5 a5 54. h4 a4 55. h5 a3 56. f6 a2 57. f7 a1=Q+ 58. Ke2 d1=Q+ 0-1

[Event "Late-Titled-Tuesday-Blitz-May-07-2024"]
[Site "Chess.com"]
[Date "2024.05.07"]
[Round "2"]
[White "picturesquecheck"]
[Black "nochewycandy"]
[Result "1-0"]
[WhiteElo "2447"]
[BlackElo "2789"]
[TimeControl "180+1"]
[EndTime "14:18:32 PDT"]
[Termination "picturesquecheck won by resignation"]

1. e4 g6 2. d4 Bg7 3. Nc3 d6 4. Be3 a6 5. f3 b5 6. Qd2 Bb7 7. O-O-O Nd7 8. Kb1 Rc8 9. h4 h6 10. g4 c5 11. Nd5 Bxd5 12. exd5 c4 13. c3 Ngf6 14.
Nh3 Nxd5 15. Nf4 N7b6 16. Bg2 b4 17. Nxd5 Nxd5 18. Ka1 Qa5 19. Rc1 bxc3 20. bxc3 Rb8 21. f4 Nxe3 22. Qxe3 O-O 23. h5 Rb3 24. hxg6 Rfb8 25.
gxf7+ Kf8 26. Rhe1 Bf6 27. Re2 Qa3 28. Qd2 R3b5 29.
Rh1 Rb3 30. g5 Rxc3 31. gxf6 exf6 32. Re8+ Rxe8 33.
fxe8=Q+ Kxe8 34. Bc6+ Kd8 35. Be4 Re3 36. Bb1 c3 37. Qc2 Rd3 38. Rh2 Rxd4 39. Rh3 Rb4 40. Rxc3 Qa5 41. Rc8+ Ke7 42. Rc7+ Ke6 43. Rc6 Kd5 44.
Rc3 Rb5 45. Qd3+ Ke6 46. Rb3 Kd7 47. Rxb5 axb5 48. Qb3 Qb6 49. f5 Qd4+ 50. Qb2 Qc5 51. Qxf6 Kc6 52. Qb2 h5 53. Qc2 h4 54. Qxc5+ Kxc5 55.
f6 h3 56. f7 d5 57. f8=Q+ Kd4 58. Qh6 h2 59. Qxh2 Kc4 60. Qb2 b4 61. Qc2+ Kb5 62.
Qb3 d4 63. Bd3+ Kc5 64. Qc3+ Kd6 65. Qc4 Ke5 66. Qxb4 1-0

[Event "Late-Titled-Tuesday-Blitz-May-07-2024"]
[Site "Chess.com"]
[Date "2024.05.07"]
[Round "2"]
[White "masnyszachistaaa"]
[Black "bancsoo"]
[Result "1-0"]
[WhiteElo "2607"]
[BlackElo "2857"]
[TimeControl "180+1"]
[EndTime "14:18:33 PDT"]
[Termination "masnyszachistaaa won by resignation"]

1. d4 Nf6 2. Bf4 d5 3. e3 c5 4. c3 Nc6 5. Nd2 cxd4 6. exd4 Bf5 7. Ngf3 e6 8. Be2 Bd6 9. Bxd6 Qxd6 10. Nh4 Bg6 11.
O-O O-O 12. Nxg6 hxg6 13. f4 Rab8 14. Bd3 Rfc8 15. Qe2 b5 16. Bxb5 Ne7 17. Rab1 Nf5 18. Bd3 Qb6 19. Nf3 a5 20. Ne5 a4 21. g4 Nd6 22. g5 Nfe4 23. Nd7 Qa7 24. Nxb8 Rxb8 25. a3 Qc7 26. Kg2 Qa7 27. h4 Qb7 28. Rh1 Nf5 29. Rh3 Kf8 30. h5 gxh5 31. Rxh5 Ke7 32. Rh3 g6 33.
Qc2 Qc6 34. Re1 Nfd6 35. Re2 Qa8 36. c4 Nf5 37. cxd5 Rc8 38. Qd1 Ned6 39. Re5 Qb7 40. Qd2 Nxd4 41. Rh7 N4f5 42. Be4 Qb3 43. Rxe6+ Kf8 44. Bxf5 Nxf5 45. Rh8+ Kg7 46. Rxc8 Qg3+ 47. Kf1 Qf3+ 48. Ke1 Qh1+ 49. Ke2 Ng3+ 50. Kd3 Qxd5+ 51. Kc2 Qxd2+ 52. Kxd2 fxe6 53. Ra8 Nh5 54. Ke3 Kf7 55. Rxa4 Ng7 56. Ra7+ Ke8 57. Ke4 1-0

[Event "Late-Titled-Tuesday-Blitz-May-07-2024"]
[Site "Chess.com"]
[Date "2024.05.07"]
[Round "2"]
[White "FrenchMonster2002"]
[Black "BardArtem"]
[Result "0-1"]
[WhiteElo "2422"]
[BlackElo "2768"]
[TimeControl "180+1"]
[EndTime "14:18:34 PDT"]
[Termination "BardArtem won on time"]

1. e4 c6 2. d4 d5 3. Nc3 dxe4 4.
Nxe4 Bf5 5. Ng3 Bg6 6. h4 h6 7. Nh3 Nf6 8. Nf4 Bh7 9. Bc4 e6 10. O-O Bd6 11. Re1 O-O 12. Ngh5 Nxh5 13. Nxh5 Bg6 14. g3 Qa5 15. Nf4 Bxc2 16. Qe2 Bf5 17. Nh5 Nd7 18. Bd2 Qd8 19. Qf3 Nf6 20. Bc3 Nxh5 21.
Qxh5 Be7 22. Qf3 Bf6 23. Rad1 Re8 24. Qf4 Qb8 25. Qe3 b5 26. Be2 b4 27. Bd2 Qb6 28.
Bc1 Rad8 29. Bf3 Bxd4 30. Qe2 e5 31. g4 Bh7 32. g5 e4 33. gxh6 gxh6 34. Bxh6 Re6 35.
Bg5 exf3 36. Qxf3 Rde8 37. Rxe6 Rxe6 38. Qg4 Bxf2+ 39. Kg2 Be4+ 40. Kh2 Kh7 41. Rd7 Bg1+ 42. Kh3 Kg8 43. Bf6+ Bg6 44. Rd8+ Qxd8 45. Bxd8 Kh7 46.
Qxg1 Rd6 47. Bg5 Rd3+ 48. Kh2 Rd2+ 49. Bxd2 b3 50. Qf2 bxa2 51. Kg2 a1=Q 0-1

[Event "Late-Titled-Tuesday-Blitz-May-07-2024"]
[Site "Chess.com"]
[Date "2024.05.07"]
[Round "2"]
[White "AungTZ"]
[Black "subham777"]
[Result "0-1"]
[WhiteElo "2096"]
[BlackElo "2465"]
[TimeControl "180+1"]
[EndTime "14:18:34 PDT"]
[Termination "subham777 won on time"]

1. e4 e6 2. d4 d5 3. Nc3 Nf6 4.
Bg5 Be7 5. Bxf6 Bxf6 6. Nf3 O-O 7. Bd3 dxe4 8. Bxe4 Nc6 9. h4 g6 10. Bxc6 bxc6 11.
h5 Re8 12. Ne4 Bg7 13. hxg6 hxg6 14. Qd2 Qd5 15. Nc3 Qa5 16. O-O Ba6 17. Rfe1 Rad8 18.
Qf4 Qb4 19. Ne4 Qe7 20. c3 Bc4 21. Ne5 Bd5 22. Ng5 Bh6 23. Nexf7 Bxg5 24. Nxg5 Rf8 25.
Qg3 Rf5 26. Nh3 Rdf8 27. Qxg6+ Kh8 28. Qh6+ Kg8 29. Re3 Kf7 30. Rae1 Rf6 31. Qh5+ Rg6 32. Nf4 Rg8 33. Rg3 Qf6 34. Nxg6 Rxg6 35. Qxg6+ Qxg6 36. Rxg6 Kxg6 37. Re5 Kf6 38. Kh2 Bxa2 39. g4 Bb1 40.
Kg3 Ke7 41. f4 Kd6 42. g5 Bg6 43. Kh4 Kd7 44. c4 Kd6 45. c5+ Ke7 46. b4 Kf7 47. Kg4 a6 48. Re1 Bd3 49. Rh1 Kg7 50. Rh6 Bc4 51.
f5 Be2+ 52. Kf4 exf5 53. Kxf5 Bb5 54. Re6 Bd3+ 55. Ke5 Kf7 56. Rxc6 Bb5 57. Rxc7+ Kg6 0-1

[Event "Late-Titled-Tuesday-Blitz-May-07-2024"]
[Site "Chess.com"]
[Date "2024.05.07"]
[Round "2"]
[White "eljanov"]
[Black "KingCyber19"]
[Result "1-0"]
[WhiteElo "2871"]
[BlackElo "2590"]
[TimeControl "180+1"]
[EndTime "14:18:35 PDT"]
[Termination "eljanov won by resignation"]

1. d4 d5 2. Bf4 Nf6 3. e3 e6 4. Nf3 Bd6 5. Nbd2 c5 6. dxc5 Bxf4 7. exf4 Qc7 8. g3 Qxc5 9. c3 Nc6 10. Bd3 Bd7 11.
O-O O-O 12. Qe2 Rae8 13. Rfe1 Qb6 14. Rab1 a6 15. Ne5 Bc8 16. Ndf3 Nd7 17. h4 f6 18.
Nxd7 Bxd7 19. Qc2 h6 20. Bg6 Re7 21. Rbd1 Be8 22. Re2 Bxg6 23. Qxg6 Rfe8 24. Red2 Rf7 25. Qg4 Ne7 26. Nd4 e5 27. Nf5 Nxf5 28. Qxf5 d4 29. cxd4 exd4 30. Qd5 Rd8 31. Qc4 Qc7 32. Qb3 Kh8 33.
Rxd4 Rxd4 34. Rxd4 Rd7 35. Re4 Rd8 36. Kg2 Qc6 37.
Qf3 Rd2 38. Rb4 Qxf3+ 39. Kxf3 Rd7 40. a4 Kg8 41. h5 Kf7 42. Rb6 Rc7 43. Kg4 Ke7 44.
b4 Kf7 45. Kf5 Rd7 46. Ke4 Ke7 47. g4 Ke8 48. f3 Kf7 49. b5 a5 50. f5 Kf8 51. f4 Kf7 52. Ke3 Kf8 53. Kf3 Kf7 54. g5 hxg5 55. fxg5 fxg5 56. Kg4 Kf8 57. Kxg5 Kf7 58.
h6 gxh6+ 59. Rxh6 Rd4 60. Rh7+ Ke8 61. Rxb7 Rxa4 62. Ra7 Ra1 63. b6 a4 64. Ra8+ Kd7 65. b7 1-0

[Event "Late-Titled-Tuesday-Blitz-May-07-2024"]
[Site "Chess.com"]
[Date "2024.05.07"]
[Round "2"]
[White "koziororo"]
[Black "ContrVersia"]
[Result "0-1"]
[WhiteElo "2600"]
[BlackElo "2882"]
[TimeControl "180+1"]
[EndTime "14:18:36 PDT"]
[Termination "ContrVersia won by checkmate"]

1. e4 c5 2. Nf3 d6 3. Bb5+ Nd7 4. d4 cxd4 5. Qxd4 a6 6. Be2 Ngf6 7.
c4 g6 8. Nc3 Bg7 9. Qe3 O-O 10.
O-O b6 11. Rd1 Bb7 12. h3 Qb8 13. Rb1 Nc5 14. Nd2 e6 15. b4 Ncd7 16. Bb2 Rc8 17. Rbc1 Re8 18. f4 Qc7 19. Nf3 Rac8 20. a3 Nxe4 21.
Nxe4 Bxb2 22. Nxd6 Bxc1 23. Qxc1 Nf6 24. Nxc8 Rxc8 25.
Ne5 a5 26. Qd2 axb4 27. axb4 Be4 28. Qd4 Qb7 29. Bf1 Nh5 30. Ng4 Kf8 31. Qd6+ Kg8 32. Qe5 Kf8 33. c5 bxc5 34. bxc5 Bd5 35. Rc1 Qc7 36. Qg5 Qxf4 37. Qxf4 Nxf4 38. Ne5 Bxg2 39.
Ba6 Rc7 40. Rc4 g5 41. Rb4 Bd5 42. h4 h6 43. h5 Nxh5 44. Kf2 Nf4 45. Ke3 Ke7 46. Kd4 f6 47. Ng4 e5+ 48. Nxe5 fxe5+ 49. Kxe5 Rxc5 50. Kd4 Ne6+ 51. Ke3 Rc3+ 52. Kd2 Ra3 53. Bd3 Kf6 54. Rb5 Nf4 55. Bh7 g4 56. Ke1 g3 57.
Rb1 Re3+ 58. Kf1 h5 59. Bc2 Re2 60. Bd1 Rf2+ 61. Kg1 Nh3# 0-1

[Event "Late-Titled-Tuesday-Blitz-May-07-2024"]
[Site "Chess.com"]
[Date "2024.05.07"]
[Round "2"]
[White "Vazabanga"]
[Black "stefy02"]
[Result "0-1"]
[WhiteElo "2681"]
[BlackElo "2438"]
[TimeControl "180+1"]
[EndTime "14:18:37 PDT"]
[Termination "stefy02 won by checkmate"]

1. d4 Nf6 2. c4 e6 3. g3 Bb4+ 4. Bd2 a5 5. Nf3 b6 6. Bg2 Bb7 7. O-O O-O 8. Nc3 d6 9. Re1 Nbd7 10. d5 Bxc3 11. Bxc3 Nc5 12. Nd4 e5 13. Nc6 Bxc6 14.
dxc6 Nfe4 15. Qc2 f5 16. b4 axb4 17. Bxb4 Qe8 18. Bxc5 Nxc5 19. Bd5+ Kh8 20. Reb1 e4 21. a4 Qe5 22. Ra3 f4 23. e3 f3 24. Rb5 Qf5 25. Qd1 Rxa4 26. Rxa4 Nxa4 27. Bxe4 Qh3 28. Qf1 Qxf1+ 29. Kxf1 Nc3 30. Bd5 Nxb5 31. cxb5 Ra8 32. Bxf3 Ra1+ 33. Kg2 Ra2 34. Be4 Ra3 35. Bd5 Ra4 36. Bf3 Kg8 37. Be2 Kf7 38. f4 Ke6 39. Kf3 Kd5 40. Bd3 Kc5 41. g4 d5 42. h4 Ra3 43. Ke2 Rxd3 44. Kxd3 Kxb5 45. Kd4 Kxc6 46. Ke5 b5 47. f5 b4 48. Kd4 Kd6 49. g5 c5+ 50.
Kd3 Ke5 51. f6 gxf6 52. g6 hxg6 53. h5 gxh5 54. Kc2 h4 55. Kb3 h3 56. Ka4 h2 57.
e4 h1=Q 58. Kb5 b3 59. exd5 b2 60. d6 b1=Q+ 61. Ka6 Qhb7+ 62. Ka5 Q1b5# 0-1